[Event "Titled Tuesday Blitz April 12 Early 2022"]
[White "Osmonbekov, Talaibek"]
[Black "Skytte, Rasmus"]
[WhiteFideId "2017253"]
[BlackFideId "1404210"]
[WhiteElo "2135"]
[BlackElo "2430"]
[Result "1-0"]
[Round "05"]
[TimeControl "180+1"]
[Date "2022.04.13"]
[WhiteClock "0:00:42"]
[BlackClock "0:00:14"]

1. d4 d5 2. Bf4 c5 3. e3 Nc6 4. Nc3 e6 5. Nb5 Qa5+ 6. c3 e5 7. Bxe5 Nxe5 8. dxe5 a6 9. Na3 c4 10. Nc2 Be6 11. Nf3 Bc5 12. Be2 Ne7 13. Nfd4 b5 14. a3 Ng6 15. f4 Ne7 16. O-O Nf5 17. Nxf5 Bxf5 18. Qxd5 O-O 19. Nd4 Bxd4 20. exd4 Rad8 21. Qc6 g6 22. Bf3 Bd7 23. Qf6 Be6 24. g4 Qa4 25. Rf2 Qb3 26. f5 Bc8 27. Raf1 Qa4 28. Be4 gxf5 29. gxf5 Qa5 30. Rg2# 1-0


[Site "https://www.chess.com"]

[Event "Titled Tuesday Blitz April 12 Early 2022"]
[White "Pajeken, Jakob Leon"]
[Black "Zakhartsov, Vladimir"]
[WhiteFideId "12942839"]
[BlackFideId "4145097"]
[WhiteElo "2351"]
[BlackElo "2491"]
[Result "1-0"]
[Round "05"]
[TimeControl "180+1"]
[Date "2022.04.12"]
[WhiteClock "0:01:47"]
[BlackClock "0:01:03"]

1. d4 Nf6 2. Nf3 d5 3. c4 e6 4. Nc3 Bb4 5. g3 O-O 6. Bg2 dxc4 7. O-O c5 8. dxc5 Qxd1 9. Rxd1 Bxc5 10. Ne5 Nc6 11. Nxc4 Bd7 12. Bg5 Rfd8 13. Ne4 Nxe4 14. Bxd8 Nxf2 15. Rxd7 Nxd8 16. b4 1-0


[Site "https://www.chess.com"]

[Event "Titled Tuesday Blitz April 12 Early 2022"]
[White "Palachev, Petr"]
[Black "Kozak, Adam"]
[WhiteFideId "24129003"]
[BlackFideId "753246"]
[WhiteElo "2339"]
[BlackElo "2459"]
[Result "1-0"]
[Round "05"]
[TimeControl "180+1"]
[Date "2022.04.12"]
[WhiteClock "0:00:13"]
[BlackClock "0:00:22"]

1. d4 e6 2. c4 b6 3. a3 Bb7 4. Nc3 f5 5. d5 Nf6 6. g3 Be7 7. Bg2 O-O 8. Nf3 Na6 9. O-O Nc5 10. Nd4 a5 11. b3 Nfe4 12. Bb2 e5 13. Nxf5 Nxc3 14. Nxe7+ Qxe7 15. Bxc3 d6 16. b4 axb4 17. axb4 Nd7 18. e4 Nf6 19. Qd3 h6 20. Rxa8 Rxa8 21. Ra1 Rxa1+ 22. Bxa1 Bc8 23. f4 exf4 24. gxf4 Nh5 25. Qf3 Qh4 26. f5 Qe1+ 27. Qf1 Qxb4 28. Qc1 Qc5+ 29. Kh1 Ba6 30. Bf3 Bxc4 31. Bxh5 Bxd5 32. Qe1 Bc6 33. Bf3 Qa3 34. Qc3 Qxc3 35. Bxc3 Kf7 36. Kg2 g6 37. fxg6+ Kxg6 38. Kg3 Bb7 39. h4 c5 40. h5+ Kf7 41. e5 Bxf3 42. Kxf3 dxe5 43. Bd2 b5 44. Ke4 b4 45. Kxe5 c4 46. Bxb4 Kg7 47. Ke6 Kg8 48. Bc3 Kf8 49. Kd5 Kf7 50. Bd2 Kf6 51. Bxh6 Kf5 52. Bc1 c3 53. Kc4 Kg4 54. h6 Kf3 55. h7 Ke2 56. Kxc3 Kd1 57. Kb2 Ke2 58. h8=Q Kf1 59. Qe5 Kg2 60. Qe3 Kf1 61. Qd2 Kg1 62. Qe2 Kh1 63. Bf4 Kg1 64. Kc2 Kh1 65. Qh2# 1-0


[Site "https://www.chess.com"]

[Event "Titled Tuesday Blitz April 12 Early 2022"]
[White "Papp, Levente"]
[Black "Lopez, Henry"]
[WhiteFideId "751243"]
[BlackFideId "5203830"]
[WhiteElo "2308"]
[BlackElo "2177"]
[Result "1-0"]
[Round "05"]
[TimeControl "180+1"]
[Date "2022.04.13"]
[WhiteClock "0:00:10"]
[BlackClock "0:00:04"]

1. c4 Nf6 2. Nc3 g6 3. e4 d6 4. g3 Bg7 5. Bg2 O-O 6. Nge2 c5 7. O-O Nc6 8. d3 Ne8 9. Rb1 Nc7 10. a3 a5 11. Be3 Ne6 12. Qd2 Rb8 13. Nb5 Ned4 14. Nexd4 Nxd4 15. b4 Nxb5 16. cxb5 cxb4 17. axb4 a4 18. Qa2 Bd7 19. Qxa4 Ra8 20. Qb3 Bxb5 21. Rfc1 Qd7 22. d4 Rfc8 23. h4 h5 24. Kh2 Ba4 25. Qb2 Rxc1 26. Rxc1 Rc8 27. Bf1 Rxc1 28. Qxc1 Bb5 29. Bg2 e6 30. Qa3 Bc6 31. Qa7 e5 32. d5 Bb5 33. Qb8+ Kh7 34. Bh3 Qe7 35. f3 Bf6 36. Bc8 Ba6 37. Bh3 Bb5 38. Qc8 Kg7 39. Bb6 Ba6 40. Bc7 g5 41. hxg5 Bxg5 42. Qb8 Qf6 43. Bf5 h4 44. Bxd6 hxg3+ 45. Kg2 Qd8 46. Bxe5+ Kh6 47. Bxg3 Qxb8 48. Bxb8 Bd2 49. Bd6 Kg5 50. Be7+ Kf4 51. Bf8 Ke5 52. d6 Bb5 53. d7 1-0


[Site "https://www.chess.com"]

[Event "Titled Tuesday Blitz April 12 Early 2022"]
[White "Pichot, Alan"]
[Black "Domingo Nunez, Alejandro"]
[WhiteFideId "110973"]
[BlackFideId "22245561"]
[WhiteElo "2579"]
[BlackElo "2215"]
[Result "1/2-1/2"]
[Round "05"]
[TimeControl "180+1"]
[Date "2022.04.12"]
[WhiteClock "0:00:09"]
[BlackClock "0:00:10"]

1. e4 c6 2. Nf3 d5 3. Nc3 Bg4 4. h3 Bxf3 5. Qxf3 e6 6. g3 g6 7. Bg2 Bg7 8. O-O Nd7 9. d3 Ne7 10. Qe2 O-O 11. Bd2 Qb6 12. Rab1 Rae8 13. Kh2 Qc5 14. f4 d4 15. b4 Qb6 16. Nd1 Qa6 17. Ra1 Qa4 18. Nf2 Qxc2 19. a4 e5 20. Rfb1 exf4 21. gxf4 Nd5 22. Qd1 Qxd1 23. Nxd1 Ne3 24. Ra2 Bh6 25. Kg3 f5 26. Nxe3 dxe3 27. Bxe3 fxe4 28. dxe4 Nf6 29. Bxa7 Nxe4+ 30. Bxe4 Rxe4 31. b5 Bxf4+ 32. Kg2 Rf7 33. bxc6 bxc6 34. Bc5 Re5 35. Rc2 Rg5+ 36. Kh1 Rg3 37. a5 Rxh3+ 38. Kg2 Rg3+ 39. Kh1 Rf5 40. Bg1 Rh5+ 41. Rh2 Rxh2+ 42. Bxh2 Rh3 43. Rb2 Bxh2 44. Kg2 Ra3 45. Kxh2 Rxa5 46. Rb7 Rc5 47. Kg3 Rf5 48. Kg4 Rf7 49. Rb8+ Kg7 50. Rc8 h5+ 51. Kg3 Rf6 52. Rc7+ Kh6 53. Kh4 g5+ 54. Kg3 Kg6 55. Rc8 h4+ 56. Kg4 Rf4+ 57. Kh3 Kh5 58. Rh8+ Kg6 59. Rc8 Rf6 60. Kg4 Rf4+ 61. Kh3 1/2-1/2


[Site "https://www.chess.com"]

[Event "Titled Tuesday Blitz April 12 Early 2022"]
[White "Piesik, Piotr"]
[Black "Hansen, Eric"]
[WhiteFideId "1136194"]
[BlackFideId "2606771"]
[WhiteElo "2190"]
[BlackElo "2568"]
[Result "1-0"]
[Round "05"]
[TimeControl "180+1"]
[Date "2022.04.12"]
[WhiteClock "0:00:16"]
[BlackClock "0:00:03"]

1. Nf3 d5 2. g3 c6 3. Bg2 Bf5 4. O-O e6 5. d3 Nf6 6. Nbd2 h6 7. Qe1 Bh7 8. e4 Be7 9. Qe2 O-O 10. b3 a5 11. a4 Na6 12. Bb2 Nb4 13. Ne1 c5 14. f4 Rc8 15. e5 Nd7 16. Rc1 Qb6 17. Kh1 Qa6 18. c4 Nb6 19. Nb1 Rfd8 20. Rf3 Nxd3 21. Nxd3 dxc4 22. bxc4 Nxc4 23. Nf2 Nxb2 24. Qxb2 c4 25. Nc3 Bb4 26. Re3 Rd4 27. Be4 Bf5 28. Bxf5 exf5 29. Qe2 Rcd8 30. e6 Bc5 31. e7 Re8 32. Nb5 Rd7 33. Re5 Qc6+ 34. Kg1 Rdxe7 35. Rxc4 Rxe5 36. fxe5 b6 37. Rc3 Rd8 38. Qf3 Qe6 39. Kg2 g5 40. Rd3 Rc8 41. Qd5 Bxf2 42. Qxe6 fxe6 43. Kxf2 Rc5 44. Rd6 Rxe5 45. Rxb6 Kf7 46. Ra6 g4 47. Rxa5 Kf6 48. Ra8 Re4 49. a5 Rb4 50. Nc7 Rb2+ 51. Ke3 Rxh2 52. a6 Ra2 53. a7 Ra3+ 54. Kd4 Ra4+ 55. Kc5 Ke5 56. Nb5 Ra1 57. Rg8 Rc1+ 58. Kb6 Ra1 59. Nc7 h5 60. Na6 Rb1+ 61. Kc7 Rc1+ 62. Kd7 Rd1+ 63. Ke7 1-0


[Site "https://www.chess.com"]

[Event "Titled Tuesday Blitz April 12 Early 2022"]
[White "Piliczewski, Bogusz"]
[Black "Estrada Nieto, Julian"]
[WhiteFideId "1104144"]
[BlackFideId "5101018"]
[WhiteElo "1896"]
[BlackElo "2252"]
[Result "0-1"]
[Round "05"]
[TimeControl "180+1"]
[Date "2022.04.13"]
[WhiteClock "0:00:03"]
[BlackClock "0:00:51"]

1. d4 d5 2. Nf3 Nf6 3. c4 dxc4 4. e3 e6 5. Bxc4 c5 6. Nc3 a6 7. a4 Nc6 8. O-O Be7 9. Qe2 cxd4 10. Rd1 e5 11. exd4 exd4 12. Be3 Bg4 13. Rd2 O-O 14. Rad1 Bc5 15. h3 Bxf3 16. Qxf3 Ne5 17. Qe2 Nc6 18. f3 Qc7 19. Bxd4 Nxd4 20. Rxd4 Bxd4+ 21. Rxd4 Qb6 22. Qf2 Rad8 23. Rxd8 Qxf2+ 24. Kxf2 Rxd8 25. Ke3 Kf8 26. b4 Ke7 27. b5 a5 28. Ne4 Nxe4 29. fxe4 f6 30. Bd5 b6 31. g4 Kd6 32. Kd4 Rc8 33. Bc6 h5 34. gxh5 Rh8 0-1


[Site "https://www.chess.com"]

[Event "Titled Tuesday Blitz April 12 Early 2022"]
[White "Pinheiro, Iung Alicio de O."]
[Black "Ferreira, Vitor Hugo Vieira"]
[WhiteFideId "2104350"]
[BlackFideId "2119765"]
[WhiteElo "2596"]
[BlackElo "2165"]
[Result "0-1"]
[Round "05"]
[TimeControl "180+1"]
[Date "2022.04.13"]
[WhiteClock "0:00:26"]
[BlackClock "0:00:39"]

1. c4 Nf6 2. g3 g6 3. Bg2 Bg7 4. Nc3 O-O 5. d3 c6 6. e4 d5 7. cxd5 cxd5 8. e5 Nfd7 9. d4 e6 10. Nf3 f6 11. exf6 Nxf6 12. O-O Nc6 13. Re1 Bd7 14. Bg5 Qb6 15. Qd2 Rae8 16. Bh6 Bxh6 17. Qxh6 Qxb2 18. Na4 Qxf2+ 19. Kh1 Ng4 20. Qh4 Ne3 21. Rxe3 Qxe3 22. Nc5 Bc8 23. Ng5 Re7 24. Nb3 Rf5 25. Nh3 Ref7 26. g4 Rf4 27. Nxf4 Rxf4 28. Re1 Qf2 29. Qxf2 Rxf2 30. Bxd5 exd5 31. Re8+ Rf8 32. Rxc8 Rxc8 0-1


[Site "https://www.chess.com"]

[Event "Titled Tuesday Blitz April 12 Early 2022"]
[White "Politov, Pavel Y."]
[Black "Golubeva, Oksana"]
[WhiteFideId "24110515"]
[BlackFideId "4170164"]
[WhiteElo "2090"]
[BlackElo "2162"]
[Result "0-1"]
[Round "05"]
[TimeControl "180+1"]
[Date "2022.04.13"]
[WhiteClock "0:00:02"]
[BlackClock "0:00:37"]

1. e4 e6 2. d4 d5 3. Nc3 Bb4 4. e5 c5 5. a3 Bxc3+ 6. bxc3 Ne7 7. Qg4 cxd4 8. Qxg7 Rg8 9. Qxh7 Nbc6 10. f4 dxc3 11. Nf3 d4 12. Bd3 Rxg2 13. Ng5 Rxg5 14. fxg5 Qd5 15. Qe4 Nxe5 16. Qxd5 Nxd5 17. h4 Ke7 18. Kf2 Bd7 19. a4 Bc6 20. Ba3+ Kd7 21. Be4 Ne3 22. Bxc6+ bxc6 23. h5 Nxc2 24. Ra2 Nxa3 25. Rxa3 c2 26. h6 d3 27. Rc3 Kd6 28. Ke3 Rb8 29. h7 Rh8 30. Kf4 Rxh7 31. Re1 Rh4+ 32. Kg3 Rg4+ 33. Kh3 Rxg5 0-1


[Site "https://www.chess.com"]

[Event "Titled Tuesday Blitz April 12 Early 2022"]
[White "Potapova, Margarita"]
[Black "Gaehwiler, Gabriel"]
[WhiteFideId "14126869"]
[BlackFideId "1314530"]
[WhiteElo "2216"]
[BlackElo "2383"]
[Result "1-0"]
[Round "05"]
[TimeControl "180+1"]
[Date "2022.04.13"]
[WhiteClock "0:00:07"]
[BlackClock "0:00:07"]

1. e4 e5 2. Nf3 Nf6 3. Nc3 Nc6 4. d4 exd4 5. Nxd4 Bb4 6. Nxc6 bxc6 7. Bd3 d5 8. exd5 cxd5 9. O-O O-O 10. Bg5 c6 11. Qf3 Bd6 12. h3 Rb8 13. b3 h6 14. Bf4 Rb4 15. Bxd6 Qxd6 16. Qe3 Qc7 17. Na4 d4 18. Qg3 Qxg3 19. fxg3 Be6 20. Nc5 Nd7 21. Nxe6 fxe6 22. Bc4 Nf6 23. Bxe6+ Kh7 24. Rae1 Rb7 25. Bc4 Rd7 26. g4 Rfd8 27. Kh2 Rc7 28. Kg3 Nd5 29. h4 Ne3 30. Bd3+ Kg8 31. Rf4 c5 32. g5 Re7 33. g6 Rde8 34. Rh1 h5 35. b4 c4 36. Be2 d3 37. cxd3 Nd5 38. Rd4 Rxe2 39. Rxd5 R2e3+ 40. Kh2 cxd3 41. Rd1 R3e4 42. Kh3 R4e6 43. R1xd3 Rxg6 44. Rxh5 Re4 45. a3 Re1 46. Kh2 Re2 47. Rg5 Rxg5 48. hxg5 Re5 49. Rd7 a5 50. g6 Kf8 51. Rd6 axb4 52. axb4 Rb5 53. Rd4 Rg5 54. Rd6 Rb5 55. Rd4 Rg5 56. Rc4 Rxg6 57. g3 Rb6 58. Kg2 Ke7 59. Kf3 Ke6 60. Ke4 Kd6 61. Kd4 Rb5 62. Kc3 Rg5 63. g4 Re5 64. Rd4+ Kc6 65. Rf4 Re6 66. Kc4 Kb6 67. b5 Rd6 68. Kb4 Re6 69. Kc4 Rd6 70. Rf7 Rg6 71. Rf4 Re6 72. g5 Rd6 73. Rf5 Re6 74. Kd5 Rg6 75. Ke4 Re6+ 76. Kf4 Re1 77. Kg4 Re6 78. Rd5 g6 79. Kf4 Kc7 80. Re5 Rb6 81. Ke4 Kd7 82. Kd4 Kd6 83. Rd5+ Ke6 84. Rc5 Rd6+ 85. Kc4 Rd1 86. Rc6+ Kf5 87. Rc5+ Kf4 88. b6 Rc1+ 89. Kd5 Rb1 90. Kc6 Ke4 91. Rb5 Rc1+ 92. Kd7 Rd1+ 93. Ke6 Rd8 94. b7 Rb8 95. Kf6 Kd4 96. Kxg6 Kc4 97. Rb1 Kc5 98. Kf7 Kc6 99. g6 Rxb7+ 100. Rxb7 Kxb7 101. g7 1-0


[Site "https://www.chess.com"]

[Event "Titled Tuesday Blitz April 12 Early 2022"]
[White "Pourkashiyan, Atousa"]
[Black "Mangialardo, Tiago Carvalho"]
[WhiteFideId "12502014"]
[BlackFideId "2130718"]
[WhiteElo "2247"]
[BlackElo "2051"]
[Result "0-1"]
[Round "05"]
[TimeControl "180+1"]
[Date "2022.04.13"]
[WhiteClock "0:00:01"]
[BlackClock "0:00:02"]

1. e4 Nf6 2. e5 Nd5 3. d4 d6 4. Nf3 Nc6 5. c4 Nb6 6. exd6 exd6 7. Be2 Bg4 8. O-O Be7 9. d5 Ne5 10. Nxe5 Bxe2 11. Qxe2 dxe5 12. Qxe5 O-O 13. Qe2 Re8 14. Qc2 Bd6 15. g3 Nd7 16. Nd2 Qe7 17. Nf3 Qe2 18. Qxe2 Rxe2 19. Re1 Rae8 20. Kf1 Rxe1+ 21. Nxe1 Ne5 22. b3 Ng4 23. Nf3 Bc5 24. Bf4 c6 25. d6 Nxf2 26. Re1 Rd8 27. d7 Kf8 28. Ne5 f6 29. Nf3 Rxd7 30. Bb8 Nd3 31. Rd1 Ke7 32. Ke2 Nb4 33. Rxd7+ Kxd7 34. a3 Na6 35. Bf4 Bxa3 36. Nd4 Nc5 37. Bd2 Bb2 38. Nf5 g6 39. Nh6 Nxb3 40. Be3 Bd4 41. Bf4 Nc5 42. Ng4 Ne6 0-1


[Site "https://www.chess.com"]

[Event "Titled Tuesday Blitz April 12 Early 2022"]
[White "Pranav, V"]
[Black "Mustafayev, Farid"]
[WhiteFideId "25060783"]
[BlackFideId "13408771"]
[WhiteElo "2349"]
[BlackElo "2115"]
[Result "1-0"]
[Round "05"]
[TimeControl "180+1"]
[Date "2022.04.12"]
[WhiteClock "0:00:49"]
[BlackClock "0:00:39"]

1. e4 c6 2. d4 d5 3. e5 Bf5 4. Nf3 e6 5. Be2 Qb6 6. O-O Nd7 7. Nbd2 Ne7 8. Nb3 h6 9. a4 g5 10. Ne1 Bg7 11. a5 Qc7 12. Nd3 f6 13. Bh5+ Kf8 14. f4 Kg8 15. Nbc5 Nf8 16. Qe2 fxe5 17. Nxe5 Bxe5 18. dxe5 gxf4 19. Bxf4 Kg7 20. Ra3 Neg6 21. Rg3 Qe7 22. Be3 Kh7 23. Nd3 Rg8 24. Qd2 Nd7 25. Bxh6 Ngxe5 26. Bg5 Qd6 27. Qf4 Bxd3 28. Qh4 Qc5+ 29. Kh1 Qc4 30. Bg6+ 1-0


[Site "https://www.chess.com"]

[Event "Titled Tuesday Blitz April 12 Early 2022"]
[White "Reprintsev, Alexander"]
[Black "Kostiukov, Alexandr"]
[WhiteFideId "14100541"]
[BlackFideId "14108100"]
[WhiteElo "2108"]
[BlackElo "2202"]
[Result "1-0"]
[Round "05"]
[TimeControl "180+1"]
[Date "2022.04.13"]
[WhiteClock "0:00:37"]
[BlackClock "0:00:04"]

1. e4 c5 2. b3 g6 3. Bb2 Nf6 4. e5 Nd5 5. Nc3 Nxc3 6. dxc3 Bg7 7. Qd5 Qb6 8. O-O-O Nc6 9. Nf3 O-O 10. h4 a5 11. a4 d6 12. exd6 Be6 13. Qd2 Rfd8 14. Bb5 Rxd6 15. Qe3 Rad8 16. Rxd6 Rxd6 17. h5 Na7 18. c4 Bxb2+ 19. Kxb2 Nxb5 20. hxg6 Bf5 21. gxf7+ Kxf7 22. Ne5+ Ke8 23. cxb5 Re6 24. f4 Qd6 25. Qf3 Rxe5 26. fxe5 Qxe5+ 27. Qc3 Qe4 28. Qxc5 Bg6 29. Rf1 Qe6 30. Qc3 Qb6 31. Qh8+ Kd7 32. Rd1+ Ke6 33. Qg8+ Kf6 34. Rf1+ Kg5 35. Qd5+ Kh6 36. Qe5 Bh5 37. Rh1 Qg6 38. Qxe7 b6 39. b4 axb4 40. Qxb4 Qxg2 41. Qf4+ Kg6 42. Qd6+ Kg7 43. Qe5+ Kg6 44. Qxh5+ Kf6 45. Qh4+ 1-0


[Site "https://www.chess.com"]

[Event "Titled Tuesday Blitz April 12 Early 2022"]
[White "Roebers, Jan"]
[Black "Czerw, Dawid"]
[WhiteFideId "1007815"]
[BlackFideId "1145746"]
[WhiteElo "2142"]
[BlackElo "2125"]
[Result "1-0"]
[Round "05"]
[TimeControl "180+1"]
[Date "2022.04.13"]
[WhiteClock "0:01:09"]
[BlackClock "0:00:30"]

1. e4 c5 2. d4 cxd4 3. c3 d3 4. c4 Nc6 5. Nc3 d2+ 6. Qxd2 g6 7. Bd3 Bg7 8. Nge2 Nf6 9. O-O O-O 10. b3 d6 11. Bb2 a6 12. Nd5 Nxd5 13. Bxg7 Kxg7 14. exd5 Ne5 15. f4 Ng4 16. Nc3 Qb6+ 17. Kh1 Qd4 18. Rad1 Bd7 19. Rf3 Nf6 20. f5 Rfc8 21. fxg6 hxg6 22. Rf4 Qb6 23. Rdf1 Qa5 24. Qb2 Kg8 25. Ne4 Nxe4 26. Bxe4 Rf8 27. Rh4 f6 28. Bxg6 Kg7 29. Qc2 Rh8 30. Bh7 Kf8 31. Qg6 Qd2 32. Rxf6+ exf6 33. Qxf6+ Ke8 34. Bg6# 1-0


[Site "https://www.chess.com"]

[Event "Titled Tuesday Blitz April 12 Early 2022"]
[White "Roman, Rodrigo"]
[Black "Agasarov, Benik"]
[WhiteFideId "3701220"]
[BlackFideId "13314823"]
[WhiteElo "2001"]
[BlackElo "2528"]
[Result "0-1"]
[Round "05"]
[TimeControl "180+1"]
[Date "2022.04.13"]
[WhiteClock "0:00:04"]
[BlackClock "0:00:57"]

1. e4 e5 2. Nf3 Nc6 3. Bb5 Bc5 4. c3 Nf6 5. O-O O-O 6. d4 Bb6 7. Re1 d6 8. Bxc6 bxc6 9. dxe5 dxe5 10. Qxd8 Rxd8 11. Bg5 Rd6 12. Nbd2 Ng4 13. Re2 Ba6 14. c4 f6 15. Bh4 Rad8 16. h3 Nh6 17. b3 Rd3 18. Nf1 g5 19. Nxg5 fxg5 20. Bxg5 R8d6 21. c5 Bxc5 22. Be7 Rd1 23. Re1 Rxa1 24. Rxa1 Bd4 25. Bxd6 Bxa1 26. Bxc7 Nf7 27. Ne3 Ng5 28. Ng4 Nxe4 29. Bxe5 Bxe5 30. Nxe5 Bb7 31. f3 Nc3 32. a4 Nb1 33. Nc4 c5 34. Kf2 Nc3 35. Ke3 Bd5 36. Kd3 Na2 37. Nd2 Nb4+ 38. Kc3 Kf7 39. h4 Kf6 40. g3 Ke5 41. f4+ Kf5 42. Nf1 Be6 43. Ne3+ Ke4 44. Nc4 Nd5+ 45. Kd2 Kf3 46. Nd6 Kxg3 47. f5 Bg8 48. Ne4+ Kxh4 49. Nxc5 Kg5 50. f6 Nxf6 51. b4 Nd5 52. b5 Nb6 53. a5 Nc4+ 54. Kc3 Nxa5 55. Kb4 Nc4 56. Nd7 Nb6 57. Nb8 Bd5 58. Kc5 h5 59. Nc6 Bxc6 60. Kxc6 h4 61. Kb7 h3 62. Kxa7 Nd5 0-1


[Site "https://www.chess.com"]

[Event "Titled Tuesday Blitz April 12 Early 2022"]
[White "Rostovtsev, Dmitry"]
[Black "Iljin, Timofey"]
[WhiteFideId "34278320"]
[BlackFideId "14110180"]
[WhiteElo "2272"]
[BlackElo "2396"]
[Result "1-0"]
[Round "05"]
[TimeControl "180+1"]
[Date "2022.04.13"]
[WhiteClock "0:00:44"]
[BlackClock "0:00:02"]

1. e4 d5 2. exd5 Nf6 3. d4 Bg4 4. f3 Bf5 5. g4 Bg6 6. c4 e6 7. g5 Nfd7 8. Nc3 Bb4 9. Bd3 exd5 10. cxd5 O-O 11. Ne2 Nb6 12. Bxg6 fxg6 13. O-O N8d7 14. Qb3 Bd6 15. Ne4 Kh8 16. Nxd6 cxd6 17. Bf4 Rf5 18. h4 Nxd5 19. Bxd6 Nf8 20. Be5 Ne6 21. Qxb7 Ne3 22. Rfc1 Qg8 23. Qe4 Raf8 24. Qxe3 Rxf3 25. Qe4 Qf7 26. Ng3 Rf2 27. Rf1 Kg8 28. Qe3 Rf5 29. Nxf5 gxf5 30. d5 Qh5 31. dxe6 Qg4+ 32. Qg3 Qe2 33. Rae1 1-0


[Site "https://www.chess.com"]

[Event "Titled Tuesday Blitz April 12 Early 2022"]
[White "Rudzinska, Michalina"]
[Black "Cagara, Paulina"]
[WhiteFideId "1172883"]
[BlackFideId "1124870"]
[WhiteElo "1904"]
[BlackElo "1780"]
[Result "1-0"]
[Round "05"]
[TimeControl "180+1"]
[Date "2022.04.13"]
[WhiteClock "0:01:12"]
[BlackClock "0:00:10"]

1. Nf3 f5 2. b3 Nf6 3. Bb2 g6 4. c4 Bg7 5. Nc3 d6 6. d4 O-O 7. d5 a5 8. Nd4 Na6 9. e3 Nc5 10. Nce2 Kh8 11. Nf4 g5 12. Nfe6 Bxe6 13. dxe6 Ng4 14. h3 Ne5 15. f4 gxf4 16. exf4 Ng6 17. Qf3 c6 18. O-O-O a4 19. g3 axb3 20. axb3 Ra2 21. h4 Qb6 22. h5 Rxb2 23. hxg6 Nxb3+ 24. Nxb3 Rxb3 25. Rxh7+ Kg8 26. Qh5 Qe3+ 27. Rd2 Qc3+ 28. Kd1 Rb1+ 29. Ke2 Qxc4+ 30. Rd3 Qe4+ 31. Kf2 Rxf1+ 32. Kxf1 Qxd3+ 33. Kg2 Qd2+ 34. Kh3 Qf2 35. Rh8+ Bxh8 36. Qh7# 1-0


[Site "https://www.chess.com"]

[Event "Titled Tuesday Blitz April 12 Early 2022"]
[White "Rustemov, Alexander"]
[Black "Wagner, Dinara"]
[WhiteFideId "4119002"]
[BlackFideId "24157570"]
[WhiteElo "2817"]
[BlackElo "2216"]
[Result "0-1"]
[Round "05"]
[TimeControl "180+1"]
[Date "2022.04.13"]
[WhiteClock "0:00:01"]
[BlackClock "0:00:03"]

1. d4 Nf6 2. c4 e6 3. Nf3 d5 4. Nc3 dxc4 5. e4 Bb4 6. Bg5 h6 7. Bxf6 Qxf6 8. Bxc4 c5 9. O-O cxd4 10. e5 Qd8 11. Ne4 Nc6 12. Qe2 a6 13. Rfd1 b5 14. Bd3 Bb7 15. Rac1 Qb6 16. a3 Be7 17. b4 O-O-O 18. Nc5 Bxc5 19. Rxc5 Kb8 20. Nd2 Ne7 21. a4 bxa4 22. Nc4 Qxb4 23. Ra5 Nd5 24. Rb1 Qe7 25. Be4 Nc3 26. Qd3 Nxb1 27. Qxb1 Rd5 28. Rxa4 Rc8 29. Rb4 Ka7 30. Nd6 Rc7 31. Bxd5 exd5 32. f4 f6 33. Qe1 fxe5 34. fxe5 Qd7 35. Rxd4 Qc6 36. Rd1 Qb6+ 37. Kh1 d4 38. Nf5 Qc6 39. Qe2 d3 40. Qd2 Qd5 41. Qf2+ Ka8 42. Nd6 Rc2 43. Qf8+ Ka7 44. Qf1 Rxg2 0-1


[Site "https://www.chess.com"]

[Event "Titled Tuesday Blitz April 12 Early 2022"]
[White "Sahil, Tickoo"]
[Black "Nguyen Hong Nhung"]
[WhiteFideId "5019710"]
[BlackFideId "12412201"]
[WhiteElo "2099"]
[BlackElo "1758"]
[Result "0-1"]
[Round "05"]
[TimeControl "180+1"]
[Date "2022.04.13"]
[WhiteClock "0:01:08"]
[BlackClock "0:01:15"]

1. e4 c5 2. Nc3 e6 3. f4 Nc6 4. Nf3 a6 5. a4 d5 6. exd5 exd5 7. d4 Nf6 8. Bd3 cxd4 9. Ne2 Bc5 10. h3 O-O 11. O-O Re8 12. b3 Ne4 13. Bb2 Nc3 14. Qd2 Nxe2+ 15. Bxe2 Rxe2 16. Qd3 Re3 17. Qd1 Bf5 18. Kh1 d3 19. cxd3 Rxd3 20. Qc1 Be3 21. Qe1 d4 22. Ne5 Nxe5 23. fxe5 Be6 0-1


[Site "https://www.chess.com"]

[Event "Titled Tuesday Blitz April 12 Early 2022"]
[White "Sailer, Mike"]
[Black "Alinasab, Mobina"]
[WhiteFideId "2012901"]
[BlackFideId "12528897"]
[WhiteElo "2109"]
[BlackElo "2031"]
[Result "1-0"]
[Round "05"]
[TimeControl "180+1"]
[Date "2022.04.13"]
[WhiteClock "0:00:07"]
[BlackClock "0:00:03"]

1. d4 Nf6 2. Nf3 e6 3. Bf4 b6 4. e3 Bb7 5. Be2 c5 6. O-O Be7 7. c4 d6 8. Nc3 a6 9. a3 O-O 10. b4 d5 11. bxc5 bxc5 12. Rb1 Qc8 13. Na4 Nbd7 14. dxc5 Bxc5 15. Nxc5 Nxc5 16. Ne5 Rd8 17. Qc2 d4 18. exd4 Be4 19. Bd3 Nxd3 20. Nxd3 Rxd4 21. Rfd1 Qd8 22. Rb3 Rc8 23. Rc3 Qa5 24. Qc1 Nd5 25. Bd2 Nxc3 26. Bxc3 Qb6 27. Bxd4 Qxd4 28. Nb4 Qc5 29. Nxa6 Qa5 30. Nb4 h6 31. Rd4 Bg6 32. h3 Qe5 33. Qd2 Qa5 34. Qc3 Qc5 35. Nd3 Qc7 36. c5 Qc6 37. Rc4 Bxd3 38. Qxd3 Qb5 39. Qc3 Qb1+ 40. Kh2 Qb8+ 41. g3 Rc6 42. a4 Qc7 43. Qb4 Kh7 44. Qb5 e5 45. a5 f5 46. a6 e4 47. Qb7 Qxb7 48. axb7 1-0


[Site "https://www.chess.com"]

[Event "Titled Tuesday Blitz April 12 Early 2022"]
[White "Samaganova, Aleksandra"]
[Black "Derjabin, Ilja"]
[WhiteFideId "13800221"]
[BlackFideId "14104768"]
[WhiteElo "1859"]
[BlackElo "2341"]
[Result "0-1"]
[Round "05"]
[TimeControl "180+1"]
[Date "2022.04.13"]
[WhiteClock "0:00:01"]
[BlackClock "0:00:16"]

1. c4 c5 2. Nc3 Nc6 3. g3 g6 4. Bg2 Bg7 5. e3 Nf6 6. Nge2 O-O 7. O-O Rb8 8. d4 cxd4 9. Nxd4 a6 10. b3 h5 11. h3 Qa5 12. Bb2 Nxd4 13. Qxd4 e6 14. Qd6 Ra8 15. b4 Qg5 16. Rad1 a5 17. a3 axb4 18. axb4 Ra6 19. Qd2 h4 20. g4 Qh6 21. f4 Qh8 22. Nb5 Ra2 23. Ra1 Rxb2 24. Qxb2 Nxg4 25. Qa2 Nxe3 26. Rfe1 Bxa1 27. Qxa1 Qxa1 28. Rxa1 Nxc4 29. Ra8 d5 30. Na7 Bd7 31. Rxf8+ Kxf8 32. Kf2 Ke7 33. Ke2 Kd6 34. Kd3 Kc7 35. Kd4 Kb6 0-1


[Site "https://www.chess.com"]

[Event "Titled Tuesday Blitz April 12 Early 2022"]
[White "Sanchez, Robert"]
[Black "Shohat, Yotam"]
[WhiteFideId "2034360"]
[BlackFideId "2813955"]
[WhiteElo "2369"]
[BlackElo "2119"]
[Result "1/2-1/2"]
[Round "05"]
[TimeControl "180+1"]
[Date "2022.04.13"]
[WhiteClock "0:00:11"]
[BlackClock "0:00:05"]

1. e4 c5 2. Nf3 Nc6 3. d4 cxd4 4. Nxd4 g6 5. c4 Nf6 6. Nc3 d6 7. Nc2 Bg7 8. Bd3 O-O 9. O-O b6 10. Rb1 Bb7 11. f3 Rc8 12. b3 e6 13. Bd2 Qe7 14. Qe2 Rfd8 15. f4 Nd7 16. Nd1 Nc5 17. Nde3 Nd4 18. Nxd4 Bxd4 19. Kh1 Nxe4 20. Bxe4 Bxe4 21. Rbe1 f5 22. Ng4 Qh4 23. Nf2 Bxf2 24. Rxf2 d5 25. cxd5 Rxd5 26. Be3 Rc3 27. Kg1 Qd8 28. Qb2 Rxe3 29. Rxe3 Rd1+ 30. Rf1 Rd2 31. Qe5 Rxg2+ 32. Kh1 Rxh2+ 33. Kxh2 Qd2+ 34. Kg3 Qxe3+ 35. Kh4 g5+ 36. fxg5 Kf7 37. Qf6+ Kg8 38. Qxe6+ Kg7 39. Qe5+ Kg8 40. Qe6+ Kg7 41. Qe5+ Kg8 42. Qe6+ 1/2-1/2


[Site "https://www.chess.com"]